AoeStats
← Mr. Penis

Nomad

503792489Analyzed
4v4 RM · 1mo ago on Sep 2, 2026· 25m 3s· 8 players
Game mode
Random Map
Map size
231×231
Population
200
Speed
Normal
Resources
Standard
Victory
Conquest
Starting age
Dark Age
Ending age
Imperial Age
RankedLock teamsTeams togetherTeam positionsShared explorationLock speedFull tech treeHidden civsTurbo modeCheats
Victory
Defeat
🇦🇺 Muisca · Australia
1192
+15
🇦🇺 Lithuanians · Australia
1152
+17
🇨🇷 Mapuche · Costa Rica
1135
+18
🇨🇦 Huns · Canada
1090
+20
🇫🇷 Mongols · France
1216
-19
🇷🇺 Jurchens · Russia
1215
-19
🇭🇰 Britons · Hong Kong SAR China
1145
-16
🇩🇪 Persians · Germany
1100
-14
Mr. Penis
Taurtillas
chopping trees one by one
Krabbel
4:29 Loom
12:33 Feudal Age
16:05 Castle Age
17:23 Double-Bit Axe
Anonymous
seantairs
4:24 Loom
15:27 Feudal Age
20:07 Castle Age
18:57 Double-Bit Axe
19:16 Gold Mining
21:01 Fletching
24:20 Fishing Lines
Slippery
5:40 Loom
15:27 Feudal Age
19:20 Castle Age
17:19 Gold Mining
17:18 Double-Bit Axe
18:00 Fishing Lines
18:55 Horse Collar
22:30 Scale Barding Armor
23:13 Bloodlines
22:57 Stone Mining
23:11 Gillnets
23:49 Forging
25:43 Iron Casting
Usuga
5:37 Loom
15:36 Feudal Age
20:49 Castle Age
20:52 Champi Runner
22:15 Double-Bit Axe
21:57 Champi Warrior
23:28 Fletching
26:35 Imperial Age
Connection lost

Rejoining the realm…

Still unreachable

The connection could not be restored.

Session expired

The server has moved on; the page needs a fresh start.